 Dungeon Crawl Stone Soup version 0.30.0-29-ga12c61a403 (webtiles) character file.

Game seed: 13102442513430408452

37 AIAndy the Trooper (level 3, -1/31 HPs)
             Began as a Demonspawn Fighter on June 21, 2023.
             Slain by Jessica
             ... wielding a +0 club
              (5 damage)
             ... on level 2 of the Dungeon.
             The game lasted 00:03:28 (1103 turns).

AIAndy the Trooper (Demonspawn Fighter)             Turns: 1103, Time: 00:03:29

Health: -1/31      AC:  6    Str: 18    XL:     3   Next: 21%
Magic:  3/3        EV:  9    Int:  9    God:
Gold:   5          SH:  8    Dex: 12    Spells: 2/2 levels left

rFire   . . .        a - +0 rapier
rCold   . . .        c - +0 buckler
rNeg    . . .        b - +0 scale mail
rPois   .            (no helmet)
rElec   .            (no cloak)
rCorr   +            (no gloves)
SInv    .            (no boots)
Will    .....        (no amulet) Stlth
                     j - ring of resist corrosion
HPRegen 0.25/turn    (no ring)
MPRegen 0.08/turn

%: no passive effects
@: invisible
A: condensation shield
a: no special abilities


You were on level 2 of the Dungeon.
You visited 1 branch of the dungeon, and saw 2 of its levels.

You collected 27 gold pieces.
You spent 22 gold pieces at shops.

Inventory:

Hand Weapons
 a - a +0 rapier (weapon)
 h - a +0 dagger of venom
Missiles
 e - 4 datura-tipped darts (quivered)
 k - 2 poisoned darts
Armour
 b - a +0 scale mail (worn)
 c - a +0 buckler (worn)
Jewellery
 j - a ring of resist corrosion (left hand)
Scrolls
 f - a scroll of brand weapon {unknown}
 i - a scroll of teleportation {unknown}
Potions
 d - a potion of might


   Skills:
 + Level 4.3 Fighting
 - Level 1.7 Short Blades
 - Level 2.6 Armour
 - Level 2.6 Shields


You had 2 spell levels left.
You didn't know any spells.
Your spell library contained the following spells:

 Spells                   Type           Power      Damage    Failure   Level
 Static Discharge         Conj/Air       0%         2-2/arc   94%         2
 Airstrike                Air            0%         2d(0-16)  100%        4
 Summon Lightning Spire   Summ/Air       0%         N/A       100%        4


Dungeon Overview and Level Annotations

Branches:
Dungeon (2/15)

Altars:

Shops:
D:2 ?

Annotations:
D:2 Jessica


Innate Abilities, Weirdness & Mutations

A meltable shield of frost defends you. (SH +4)


Message History

The floor.
Unknown command.
You block Jessica's attack. Jessica hits you with a +0 club.
You hit Jessica but do no damage. You block Jessica's attack.
Jessica hits you with a +0 club!
You hit Jessica.
Jessica is moderately wounded.
Jessica closely misses you.
You completely miss Jessica.
Jessica is moderately wounded.
Jessica barely misses you.
A quokka comes into view.
Jessica closely misses you.
You closely miss Jessica.
Jessica is moderately wounded.
Jessica hits you with a +0 club. Jessica hits you but does no damage.
The quokka misses Jessica.
You barely miss Jessica.
Jessica is moderately wounded.
Jessica closely misses you.
The quokka barely misses Jessica.
You block Jessica's attack.
You closely miss Jessica.
Jessica is lightly wounded.
Jessica hits the quokka with a +0 club!
The quokka dies!
Jessica hits you with a +0 club.
You closely miss Jessica. You block Jessica's attack.
You closely miss Jessica. Jessica barely misses you.
Jessica closely misses you.
Okay, then.
Okay, then.
You hit Jessica but do no damage. Jessica closely misses you.
You block Jessica's attack.
You hit Jessica.
Jessica is moderately wounded.
You block Jessica's attack. Jessica hits you with a +0 club!
* * * LOW HITPOINT WARNING * * *
You fade into invisibility!
Jessica hits you with a +0 club.
You die...

##.#### #.....#
#.....# #.....#
#.....# #.....#
.### #.....####
.....##...<....##
......@@...∩....##
.....##..........#
... #..........# .
##.........#
#.........#
#.........#
#.........#
#.........#
#.........#


You could see the neutral Jessica (fast, strong, insane, unable to see you).

Vanquished Creatures
  A gnoll (D:1)
  A dart slug (D:2)
  A bat (D:1)
  2 endoplasms (D:1)
  2 giant cockroaches (D:1)
  3 jackals (D:1)
  A kobold (D:1)
  A quokka (D:1)
  5 ball pythons (D:1)
  A frilled lizard (D:1)
  A goblin (D:1)
  2 rats
21 creatures vanquished.

Vanquished Creatures (collateral kills)
  A quokka (D:2)
1 creature vanquished.

Grand Total: 22 creatures vanquished

Notes
Turn   | Place    | Note
-------+----------+-------------------------------------------
     0 | D:1      | AIAndy the Demonspawn Fighter began the quest for the Orb.
     0 | D:1      | Reached XP level 1. HP: 18/18 MP: 1/1
   309 | D:1      | Gained mutation: A meltable shield of frost defends you.
                  | (SH +4) [demonic ancestry]
   309 | D:1      | Reached XP level 2. HP: 11/25 MP: 2/2
   468 | D:1      | Reached skill level 4 in Fighting
   576 | D:1      | Reached XP level 3. HP: 28/30 MP: 3/3
  1073 | D:2      | Found Powev's Magic Scroll Shoppe.
  1087 | D:2      | Bought a scroll of identify for 22 gold pieces
  1089 | D:2      | Noticed Jessica
  1103 | D:2      | Slain by Jessica

Illustrated notes

Levels and vault maps discovered:
D:1:      amcnicky_arrival_single_pillar, layout_basic
D:2:      layout_rooms, serial_shops, shop, minmay_pentomino_o4, uniq_jessica

Skill      XL: |  1  2 |
---------------+-------+-----
Fighting       | 4 |  4.3
Short Blades   | |  1.7
Armour         | |  2.6
Shields        | |  2.6

Action                     || total
---------------------------++-------
  Melee: Rapier            ||    87
  Throw: Dart              ||     1
    Use: Scroll            ||     1
         Potion            ||     1
 Armour: Scale mail        ||    29
  Dodge: Dodged            ||    38
  Block: Buckler           ||    38
